 Dungeon Crawl Stone Soup version 0.20-a0-698-g05b73b7 (webtiles) character file.

831 AlphabetPasta the Chiller (level 7, -1/35 (36) HPs)
             Began as a Tengu Ice Elementalist on Feb 19, 2017.
             Was a Believer of Vehumet.
             Killed from afar by Kaishin's ghost (9 damage)
             ... with a zap
             ... on level 5 of the Dungeon.
             The game lasted 00:25:15 (5853 turns).

AlphabetPasta the Chiller (Tengu Ice Elementalist)  Turns: 5853, Time: 00:25:15

HP:   -1/35 (36)    AC:  4    Str:  9    XL:     7   Next: 98%
MP:   5/14          EV: 12    Int: 17    God:    Vehumet [**....]
Gold: 173           SH:  0    Dex: 14    Spells: 3/14 levels left

rFire    . . .     SeeInvis .   p - +0 rapier
rCold    . . .     Gourm    .   a - +0 robe
rNeg     . . .     Faith    .   (no shield)
rPois    .         Spirit   .   (helmet restricted)
rElec    .         Reflect  .   (no cloak)
rCorr    .         Harm     .   s - +1 pair of gloves (curse)
MR       .....                  (boots unavailable)
Stlth    ++........             (no amulet)
Regen    0.2/turn               (no ring)
MPRegen  0.2/turn               (no ring)

@: no status effects
A: beak, talons 3, able to fly 1
a: Fly, Renounce Religion


You were on level 5 of the Dungeon.
You worshipped Vehumet.
Vehumet was pleased with you.
You were not hungry.

You visited 1 branch of the dungeon, and saw 5 of its levels.

You collected 173 gold pieces.

Inventory:

Hand Weapons
 f - a +0 dagger
 p - a +0 rapier (weapon)
Armour
 a - a +0 robe (worn)
 e - a +0 pair of gloves
 s - a cursed +1 pair of gloves (worn)
Wands
 l - a wand of random effects (10/48)
 u - a wand of clouds (4/9)
Scrolls
 d - a scroll of fear
 g - a scroll of magic mapping
 i - 2 scrolls of amnesia
 o - 3 scrolls of teleportation
 q - a scroll of remove curse
Potions
 k - a potion of lignification
 m - a potion of berserk rage
 n - a potion of mutation
 r - a potion of curing
 t - a potion of degeneration {unknown}
 x - a potion of brilliance {unknown}
Books
 b - a book of Frost

   Spells                             Type                      Level
   a - Freeze                         Ice                          1
   b - Throw Frost                    Conjuration/Ice              2
   c - Ozocubu's Armour               Charms/Ice                   3
   d - Throw Icicle                   Conjuration/Ice              4
   e - Summon Ice Beast               Ice/Summoning                4
Comestibles
 c - 2 bread rations
 h - 5 meat rations
 j - 10 fruits
 v - a royal jelly
 w - a chunk of flesh


   Skills:
 - Level 2.1 Dodging
 - Level 2.0 Stealth
 + Level 4.2 Spellcasting
 + Level 5.4 Conjurations
 * Level 5.8 Ice Magic
 + Level 3.4 Air Magic


You had 3 spell levels left.
You knew the following spells:

 Your Spells              Type           Power        Failure   Level  Hunger
a - Freeze                Ice            ###.         1%          1    None
b - Throw Frost           Conj/Ice       ###...       2%          2    ##.....
c - Ozocubu's Armour      Chrm/Ice       ##......     17%         3    ###....
d - Throw Icicle          Conj/Ice       ###.....     17%         4    ####...
e - Shock                 Conj/Air       ###.         2%          1    None


Dungeon Overview and Level Annotations

Branches:
Dungeon (5/15)
 Temple: D:4-7

Altars:
Cheibriados
Dithmenos
Elyvilon
Gozag
Nemelex Xobeh
Vehumet

Annotations:
D:4 Kramin's ghost, amateur DsAK
D:5 Kaishin's ghost, novice TeAE


Innate Abilities, Weirdness & Mutations

You have a beak for a mouth.
You have claws for feet.
You can fly.


Message History

Confirm with . or Enter, or press ? or * to list all spells.
Aiming: Freeze
Press: ? - help, Shift-Dir - straight line, f/p - Kaishin's ghost
Aim: Kaishin's ghost (severely damaged)
You freeze Kaishin's ghost.
Kaishin's ghost is severely damaged.
Kaishin's ghost points at you and mumbles some strange words.
The zap hits you!
* * * LOW HITPOINT WARNING * * *
The zap misses you.
Casting: Freeze
Confirm with . or Enter, or press ? or * to list all spells.
Aiming: Freeze
Press: ? - help, Shift-Dir - straight line, f/p - Kaishin's ghost
Aim: Kaishin's ghost (severely damaged)
You freeze Kaishin's ghost.
Kaishin's ghost is almost destroyed.
Kaishin's ghost casts a spell at you. The zap hits you!
You die...

################ #..
.......#)..###############
#.####...###..................
#.##≈≈...≈≈#.@.########.##.###
####.##≈..♣..≈##W##### #.##.#..
.....#.........#.###...###.##.#..
....W...♣._.♣.................#..
####..W.W.....[#.###.............
#..#≈(.♣..≈##.# #.####.#.....
......#≈≈...≈≈##.# #.#.....
.###..###...###..# #.##.#.. .#
#.#####..##...# #.##.#..


You could see Kaishin's ghost.

Vanquished Creatures
  Sigmund (D:5)
  A necrophage (D:5)
  An ogre (D:4)
  A scorpion (D:4)
  A crimson imp (D:5)
  2 orc priests (D:3)
  A hound (D:4)
  An orc wizard (D:3)
  A bullfrog skeleton (D:4)
  Jessica (D:3)
  An iguana (D:5)
  6 gnolls (D:4)
  8 adders
  An ooze (D:3)
  An adder skeleton (D:4)
  2 worms (D:3)
  3 dart slugs
  4 leopard geckos
  7 orcs (D:3)
  4 ball pythons
  6 bats
  2 giant cockroaches
  7 goblins
  12 hobgoblins
  3 jackals (D:4)
  5 kobolds
  A quokka (D:2)
  4 frilled lizards
  2 quokka skeletons (D:4)
  8 rats
98 creatures vanquished.

Vanquished Creatures (others)
  A quokka (D:5)
1 creature vanquished.

Grand Total: 99 creatures vanquished

Notes
Turn   | Place    | Note
-------+----------+-------------------------------------------
     0 | D:1      | AlphabetPasta the Tengu Ice Elementalist began the quest for the Orb.
     0 | D:1      | Reached XP level 1. HP: 10/10 MP: 4/4
   197 | D:1      | Reached XP level 2. HP: 15/15 MP: 6/6
   204 | D:1      | Learned a level 2 spell: Throw Frost
   845 | D:1      | Reached XP level 3. HP: 18/19 MP: 3/7
   850 | D:1      | Learned a level 3 spell: Ozocubu's Armour
  1176 | D:2      | Learned a level 3 spell: Ozocubu's Armour
  1253 | D:2      | Found a radiant altar of Vehumet.
  1259 | D:2      | Became a worshipper of Vehumet
  1714 | D:2      | Reached XP level 4. HP: 18/24 MP: 6/9
  2786 | D:3      | Noticed Jessica
  2793 | D:3      | Killed Jessica
  2793 | D:3      | Gained mutation: You can fly. [Tengu growth]
  2793 | D:3      | Reached XP level 5. HP: 28/28 MP: 2/10
  2799 | D:3      | Learned a level 4 spell: Throw Icicle
  2819 | D:3      | Reached * piety under Vehumet
  2819 | D:3      | Offered knowledge of Shock by Vehumet.
  3044 | D:3      | Found a shadowy altar of Dithmenos.
  3334 | D:3      | Found an opulent altar of Gozag.
  3475 | D:3      | Reached XP level 6. HP: 26/32 MP: 9/12
  3503 | D:3      | Learned a level 1 spell: Shock
  3656 | D:3      | Reached skill level 1 in Air Magic
  3715 | D:4      | Noticed Kramin's ghost (amateur DsAK)
  4007 | D:4      | Found a sparkling altar of Nemelex Xobeh.
  4344 | D:4      | Found a snail-covered altar of Cheibriados.
  4383 | D:4      | Reached skill level 5 in Ice Magic
  4649 | D:4      | Reached XP level 7. HP: 32/36 MP: 5/13
  5140 | D:4      | Reached ** piety under Vehumet
  5140 | D:4      | Offered knowledge of Flame Tongue by Vehumet.
  5323 | D:5      | Entered Level 5 of the Dungeon
  5606 | D:5      | Noticed Sigmund
  5611 | D:5      | Killed Sigmund
  5611 | D:5      | Reached skill level 5 in Conjurations
  5763 | D:5      | Found a white marble altar of Elyvilon.
  5796 | D:5      | Noticed Kaishin's ghost (novice TeAE)
  5853 | D:5      | Killed from afar by Kaishin's ghost

Vault maps used:
D:1:      moated_graveyard_arrival, minmay_split_cup_small
D:2:      vehumet_crystals, first_bread, dk_vineyard_2, minmay_misc_feat_doors
D:3:      grunt_gozag_breadcrumbs, nicolae_dithmenos_shadow_blocks, uniq_jessica
D:4:      cheibriados_altar_1, overflow_temple_1_default
D:5:      elyvilon_altar_4, lemuel_coloured_pillars_altar, uniq_sigmund

Skill      XL: |  1  2  3  4  5  6  7 |
---------------+----------------------+-----
Ice Magic      | 3 4 5 |  5.8
Conjurations   | 2 3 4 5 |  5.4
Spellcasting   | 3 4 |  4.2
Air Magic      | 2 3 |  3.4
Dodging        | |  2.1
Stealth        | |  2.0

Action                   |  1- 3 |  4- 6 |  7- 9 || total
-------------------------+-------+-------+-------++-------
Melee: Dagger            |    33 |    26 |       ||    59
       Kick              |     7 |    10 |       ||    17
       Peck              |     2 |     3 |       ||     5
       Rapier            |       |     4 |     3 ||     7
 Cast: Freeze            |    40 |    75 |    23 ||   138
       Throw Frost       |     1 |     2 |     6 ||     9
       Shock             |       |    49 |    30 ||    79
  Use: Scroll            |     6 |     3 |     2 ||    11
 Stab: Sleeping          |     5 |     8 |     1 ||    14
  Eat: Chunk             |     3 |     6 |     3 ||    12
       Fruit             |       |     3 |     1 ||     4
Armor: Robe              |    20 |    14 |     3 ||    37
Dodge: Dodged            |    38 |    44 |     8 ||    90
